NCAA
MIAMI HURRICANES @ VANDERBILT COMMODORES
05/16/2028
 
TOP OF THE 1ST
Miami Hurricanes batting - Pitching for Vanderbilt Commodores : RHP Jon Holmes
Pitching: RHP Jon Holmes
Batting: RHB Freddy Dobson 0-0: Ball
1-0: Fly out, F9 (Flyball, 9LM)
Batting: LHB Reginald Rush 0-0: Ball
1-0: Ball
2-0: Ball
3-0: Called Strike
3-1: Foul Ball, location: 2F
3-2: Strikes out swinging
Batting: RHB Eric Hawkins 0-0: Swinging Strike
0-1: Called Strike
0-2: Ball
1-2: Strikes out swinging, 2-3 out at first.
Top of the 1st over - 0 run(s), 0 hit(s), 0 error(s), 0 left on base; Miami 0 - Vanderbilt 0
BOTTOM OF THE 1ST
Vanderbilt Commodores batting - Pitching for Miami Hurricanes : RHP Mike Murray
Pitching: RHP Mike Murray
Batting: LHB Doyle Price 0-0: Swinging Strike
0-1: Ball
1-1: Called Strike
1-2: Ball
2-2: Foul Ball, location: 2F
2-2: Strikes out swinging
Batting: LHB Gerald Murphy 0-0: Ball
1-0: TRIPLE (Line Drive, 78D)
Batting: LHB Luis Miguel Martínez 0-0: Called Strike
0-1: Ball
1-1: Swinging Strike
1-2: Strikes out swinging
Batting: RHB Greg Scott 0-0: SINGLE (Line Drive, 7LM)
Gerald Murphy scores
Batting: RHB Ron Scott 0-0: Ball
1-0: Fielders Choice at 2nd, 6-4 (Groundball, 56)
Bottom of the 1st over - 1 run(s), 2 hit(s), 0 error(s), 0 left on base; Miami 0 - Vanderbilt 1
TOP OF THE 2ND
Miami Hurricanes batting - Pitching for Vanderbilt Commodores : RHP Jon Holmes
Batting: LHB Andrew Holt 0-0: Foul Ball, location: 2F
0-1: Ball
1-1: Called Strike
1-2: Foul Ball, location: 2F
1-2: Ball
2-2: Fly out, F7 (Flyball, 78M)
Batting: RHB Miguel Murillo 0-0: Ball
1-0: Ball
2-0: Called Strike
2-1: Foul Ball, location: 2F
2-2: Ball
3-2: DOUBLE (Line Drive, 78M)
Batting: RHB Stephen Segura 0-0: Called Strike
0-1: Foul Ball, location: 2F
0-2: Strikes out swinging
Batting: RHB Eric Hillman 0-0: Foul Ball, location: 2F
0-1: Foul Ball, location: 2F
0-2: SINGLE (Line Drive, 8LS)
Miguel Murillo to third
Batting: LHB Mario Pérez 0-0: Called Strike
0-1: Called Strike
0-2: Strikes out looking
Top of the 2nd over - 0 run(s), 2 hit(s), 0 error(s), 2 left on base; Miami 0 - Vanderbilt 1
BOTTOM OF THE 2ND
Vanderbilt Commodores batting - Pitching for Miami Hurricanes : RHP Mike Murray
Batting: RHB Jon Downs 0-0: Ball
1-0: Foul Ball, location: 2F
1-1: Ground out 4-3 (Groundball, 4M)
Batting: RHB Jim Harris 0-0: Ball
1-0: Ball
2-0: Foul Ball, location: 2F
2-1: Swinging Strike
2-2: Ball
3-2: Base on Balls
Batting: RHB Johnny Becker 0-0: Swinging Strike
0-1: Fielders Choice at 2nd, 6-4 (Groundball, 6)
Batting: RHB Todd Weeks 0-0: Ball
1-0: Called Strike
1-1: Ball
2-1: Fly out, F4 (Line Drive, 4)
Bottom of the 2nd over - 0 run(s), 0 hit(s), 0 error(s), 1 left on base; Miami 0 - Vanderbilt 1
TOP OF THE 3RD
Miami Hurricanes batting - Pitching for Vanderbilt Commodores : RHP Jon Holmes
Batting: RHB Kevin Magee 0-0: Foul Ball, location: 2F
0-1: SOLO HOME RUN (Flyball, 78XD), Distance : 366 ft
Batting: RHB Freddy Dobson 0-0: Called Strike
0-1: Ball
1-1: Foul Ball, location: 2F
1-2: Fly out, F9 (Flyball, 9)
Batting: LHB Reginald Rush 0-0: Ball
1-0: Ball
2-0: SINGLE (Flyball, 7LS)
Batting: RHB Eric Hawkins 0-0: Ground out 6-3 (Groundball, 6S)
Reginald Rush to second
Batting: LHB Andrew Holt 0-0: Ball
1-0: Called Strike
1-1: Ball
2-1: Ball
3-1: Fly out, F9 (Flyball, 9)
Top of the 3rd over - 1 run(s), 2 hit(s), 0 error(s), 1 left on base; Miami 1 - Vanderbilt 1
BOTTOM OF THE 3RD
Vanderbilt Commodores batting - Pitching for Miami Hurricanes : RHP Mike Murray
Batting: LHB Doyle Price 0-0: Foul Ball, location: 2F
0-1: Foul Ball, location: 2F
0-2: SOLO HOME RUN (Flyball, 9LD), Distance : 337 ft
Batting: LHB Gerald Murphy 0-0: Called Strike
0-1: Ball
1-1: Ball
2-1: Ball
3-1: Ground out 4-3 (Groundball, 4)
Batting: LHB Luis Miguel Martínez 0-0: Ground out 4-3 (Groundball, 4)
Batting: RHB Greg Scott 0-0: Foul Ball, location: 2F
0-1: Called Strike
0-2: Strikes out swinging
Bottom of the 3rd over - 1 run(s), 1 hit(s), 0 error(s), 0 left on base; Miami 1 - Vanderbilt 2
TOP OF THE 4TH
Miami Hurricanes batting - Pitching for Vanderbilt Commodores : RHP Jon Holmes
Batting: RHB Miguel Murillo 0-0: Ball
1-0: Swinging Strike
1-1: Ball
2-1: SOLO HOME RUN (Flyball, 78XD), Distance : 376 ft
Batting: RHB Stephen Segura 0-0: Ball
1-0: Ground out 4-3 (Groundball, 4)
Batting: RHB Eric Hillman 0-0: Fly out, F8 (Line Drive, 8RD)
Batting: LHB Mario Pérez 0-0: Foul Ball, location: 2F
0-1: Foul Ball, location: 2F
0-2: Strikes out swinging
Top of the 4th over - 1 run(s), 1 hit(s), 0 error(s), 0 left on base; Miami 2 - Vanderbilt 2
BOTTOM OF THE 4TH
Vanderbilt Commodores batting - Pitching for Miami Hurricanes : RHP Mike Murray
Batting: RHB Ron Scott 0-0: Called Strike
0-1: Ground out U3 (Groundball, 3S)
Batting: RHB Jon Downs 0-0: Called Strike
0-1: Swinging Strike
0-2: Ball
1-2: Strikes out swinging
Batting: RHB Jim Harris 0-0: Ball
1-0: Ball
2-0: Called Strike
2-1: Ball
3-1: Foul Ball, location: 2F
3-2: Foul Ball, location: 2F
3-2: Base on Balls
Batting: RHB Johnny Becker 0-0: Called Strike
0-1: Ball
1-1: Swinging Strike
1-2: Ball
2-2: Ball
3-2: Base on Balls
Jim Harris to second
Batting: RHB Todd Weeks 0-0: Foul Ball, location: 2F
0-1: Swinging Strike
0-2: Ball
1-2: Fly out, F7 (Flyball, 7)
Bottom of the 4th over - 0 run(s), 0 hit(s), 0 error(s), 2 left on base; Miami 2 - Vanderbilt 2
TOP OF THE 5TH
Miami Hurricanes batting - Pitching for Vanderbilt Commodores : RHP Jon Holmes
Batting: RHB Kevin Magee 0-0: Called Strike
0-1: Foul Ball, location: 2F
0-2: Strikes out looking
Batting: RHB Freddy Dobson 0-0: Ball
1-0: Swinging Strike
1-1: Swinging Strike
1-2: Ground out 1-3 (Groundball, 13)
Batting: LHB Reginald Rush 0-0: Ball
1-0: Ball
2-0: Called Strike
2-1: Swinging Strike
2-2: Foul Ball, location: 2F
2-2: Fly out, F9 (Flyball, 9LMF)
Top of the 5th over - 0 run(s), 0 hit(s), 0 error(s), 0 left on base; Miami 2 - Vanderbilt 2
BOTTOM OF THE 5TH
Vanderbilt Commodores batting - Pitching for Miami Hurricanes : RHP Mike Murray
Batting: LHB Doyle Price 0-0: Foul Ball, location: 2F
0-1: Called Strike
0-2: Foul Ball, location: 2F
0-2: Ball
1-2: Strikes out looking
Batting: LHB Gerald Murphy 0-0: SINGLE (Groundball, 34D)
Batting: LHB Luis Miguel Martínez 0-0: Ball
1-0: Ball
Gerald Murphy is caught stealing 2nd base
2-0: Ball
3-0: Called Strike
3-1: Fly out, F8 (Flyball, 8RD)
Bottom of the 5th over - 0 run(s), 1 hit(s), 0 error(s), 0 left on base; Miami 2 - Vanderbilt 2
TOP OF THE 6TH
Miami Hurricanes batting - Pitching for Vanderbilt Commodores : RHP Jon Holmes
Batting: RHB Eric Hawkins 0-0: Ball
1-0: Ball
2-0: Foul Ball, location: 2F
2-1: Foul Ball, location: 2F
2-2: Strikes out swinging
Batting: LHB Andrew Holt 0-0: Called Strike
0-1: Foul Ball, location: 2F
0-2: Foul Ball, location: 2F
0-2: Hit by Pitch
Pitching: RHP Dan Carlisle
Batting: RHB Miguel Murillo 0-0: Called Strike
0-1: Ball
1-1: Called Strike
1-2: Ball
2-2: Fielders Choice at 2nd, 5-4 (Groundball, 56)
Batting: RHB Stephen Segura 0-0: Called Strike
0-1: Fielders Choice at 2nd, 5-4 (Groundball, 56)
Top of the 6th over - 0 run(s), 0 hit(s), 0 error(s), 0 left on base; Miami 2 - Vanderbilt 2
BOTTOM OF THE 6TH
Vanderbilt Commodores batting - Pitching for Miami Hurricanes : RHP Mike Murray
Batting: RHB Greg Scott 0-0: Ball
1-0: Fly out, F8 (Line Drive, 8LM)
Batting: RHB Ron Scott 0-0: Called Strike
0-1: Ball
1-1: Called Strike
1-2: SINGLE (Groundball, 4MD)
Pitching: RHP David Anderson
Batting: RHB Jon Downs 0-0: Ball
1-0: Grounds into double play, 4-6-3 (Groundball, 4)
Bottom of the 6th over - 0 run(s), 1 hit(s), 0 error(s), 0 left on base; Miami 2 - Vanderbilt 2
TOP OF THE 7TH
Miami Hurricanes batting - Pitching for Vanderbilt Commodores : RHP Dan Carlisle
Batting: RHB Eric Hillman 0-0: Called Strike
0-1: Foul Ball, location: 2F
0-2: Ball
1-2: Ball
2-2: Ball
3-2: Fly out, F7 (Flyball, 7)
Batting: LHB Mario Pérez 0-0: Fly out, F7 (Flyball, 7LM)
Batting: RHB Kevin Magee 0-0: Foul Ball, location: 2F
0-1: Foul Ball, location: 2F
0-2: Ball
1-2: Ground out 5-3 (Groundball, 56)
Top of the 7th over - 0 run(s), 0 hit(s), 0 error(s), 0 left on base; Miami 2 - Vanderbilt 2
BOTTOM OF THE 7TH
Vanderbilt Commodores batting - Pitching for Miami Hurricanes : RHP David Anderson
Batting: RHB Jim Harris 0-0: Ball
1-0: Called Strike
1-1: Called Strike
1-2: Strikes out swinging
Batting: RHB Johnny Becker 0-0: Called Strike
0-1: Foul Ball, location: 2F
0-2: Fly out, F9 (Flyball, 9S)
Batting: RHB Todd Weeks 0-0: Swinging Strike
0-1: Fly out, F5 (Popup, 5L)
Bottom of the 7th over - 0 run(s), 0 hit(s), 0 error(s), 0 left on base; Miami 2 - Vanderbilt 2
TOP OF THE 8TH
Miami Hurricanes batting - Pitching for Vanderbilt Commodores : RHP Dan Carlisle
Batting: RHB Freddy Dobson 0-0: Ball
1-0: Ball
2-0: Foul Ball, location: 2F
2-1: Ball
3-1: Base on Balls
Batting: LHB Reginald Rush 0-0: Ball
1-0: Called Strike
1-1: Called Strike
1-2: Ball
2-2: SINGLE (Groundball, 5D)
Freddy Dobson to second
Batting: RHB Eric Hawkins 0-0: Foul Ball, location: 2F
0-1: Fly out, F9 (Flyball, 9LM)
Batting: LHB Andrew Holt 0-0: Called Strike
0-1: Ball
1-1: Grounds into double play, 6-4-3 (Groundball, 6)
Top of the 8th over - 0 run(s), 1 hit(s), 0 error(s), 1 left on base; Miami 2 - Vanderbilt 2
BOTTOM OF THE 8TH
Vanderbilt Commodores batting - Pitching for Miami Hurricanes : RHP David Anderson
Batting: LHB Doyle Price 0-0: Swinging Strike
0-1: Foul Ball, location: 2F
0-2: Ball
1-2: Ball
2-2: Strikes out swinging
Batting: LHB Gerald Murphy 0-0: Reached on error, E5 (Groundball, 56)
Batting: LHB Luis Miguel Martínez 0-0: Intentional Walk
Batting: RHB Greg Scott 0-0: Ball
1-0: Fly out, F8 (Flyball, 8LM)
Batting: RHB Ron Scott 0-0: Foul Ball, location: 2F
0-1: Ball
1-1: Ball
2-1: Foul Ball, location: 2F
2-2: Ball
3-2: Base on Balls
Gerald Murphy to third
Luis Miguel Martínez to second
Batting: RHB Jon Downs 0-0: Ball
1-0: Ball
2-0: Fielders Choice at 2nd, 4-6 (Groundball, 4)
Bottom of the 8th over - 0 run(s), 0 hit(s), 1 error(s), 2 left on base; Miami 2 - Vanderbilt 2
TOP OF THE 9TH
Miami Hurricanes batting - Pitching for Vanderbilt Commodores : RHP Dan Carlisle
Pitching: RHP Carlos Zamora
Batting: RHB Miguel Murillo 0-0: Ball
1-0: Foul Ball, location: 2F
1-1: Ground out 4-3 (Groundball, 4M)
Batting: RHB Stephen Segura 0-0: Ball
1-0: Ball
2-0: Ball
3-0: Called Strike
3-1: Called Strike
3-2: Foul Ball, location: 2F
3-2: Ground out 4-3 (Groundball, 4)
Batting: RHB Eric Hillman 0-0: Ground out 6-3 (Groundball, 6)
Top of the 9th over - 0 run(s), 0 hit(s), 0 error(s), 0 left on base; Miami 2 - Vanderbilt 2
BOTTOM OF THE 9TH
Vanderbilt Commodores batting - Pitching for Miami Hurricanes : RHP David Anderson
Batting: RHB Jim Harris 0-0: Ball
1-0: Ball
2-0: Called Strike
2-1: Foul Ball, location: 2F
2-2: Ball
3-2: Base on Balls
Batting: RHB Johnny Becker 0-0: Bunted foul
0-1: Sac Bunt - play at first, batter OUT! 1-4
Jim Harris to second
Batting: RHB Todd Weeks 0-0: Ground out 5-3 (Groundball, 56S)
Jim Harris to third
Batting: LHB Doyle Price 0-0: Ball
1-0: Fly out, F3 (Line Drive, 3L)
Bottom of the 9th over - 0 run(s), 0 hit(s), 0 error(s), 1 left on base; Miami 2 - Vanderbilt 2
TOP OF THE 10TH
Miami Hurricanes batting - Pitching for Vanderbilt Commodores : RHP Carlos Zamora
Batting: LHB Mario Pérez 0-0: Called Strike
0-1: Called Strike
0-2: Ball
1-2: Ground out 3-1 (Groundball, 34)
Pinch Hitting: LHB Joe Joyce 0-0: Called Strike
0-1: Fly out, F8 (Flyball, 8RS)
Batting: RHB Freddy Dobson 0-0: Ball
1-0: Swinging Strike
1-1: Ball
2-1: Ball
3-1: Called Strike
3-2: Foul Ball, location: 2F
3-2: Base on Balls
Batting: LHB Reginald Rush 0-0: Ball
1-0: Foul Ball, location: 2F
1-1: Swinging Strike
1-2: Fly out, F9 (Flyball, 89M)
Top of the 10th over - 0 run(s), 0 hit(s), 0 error(s), 1 left on base; Miami 2 - Vanderbilt 2
BOTTOM OF THE 10TH
Vanderbilt Commodores batting - Pitching for Miami Hurricanes : RHP David Anderson
Now in RF: Joe Joyce
Batting: LHB Gerald Murphy 0-0: Fly out, F8 (Flyball, 8RM)
Batting: LHB Luis Miguel Martínez 0-0: Foul Ball, location: 2F
0-1: Ball
1-1: Ball
2-1: Ball
3-1: Foul Ball, location: 2F
3-2: Foul Ball, location: 2F
3-2: Ground out 4-3 (Groundball, 4)
Pitching: RHP Bartolo Delvalle
Batting: RHB Greg Scott 0-0: Ball
1-0: Fly out, F4 (Line Drive, 4M)
Bottom of the 10th over - 0 run(s), 0 hit(s), 0 error(s), 0 left on base; Miami 2 - Vanderbilt 2
TOP OF THE 11TH
Miami Hurricanes batting - Pitching for Vanderbilt Commodores : RHP Carlos Zamora
Pitching: RHP Luis Manuel Marshall
Batting: RHB Eric Hawkins 0-0: Called Strike
0-1: SINGLE (Flyball, 9S)
Batting: LHB Andrew Holt 0-0: Ball
1-0: Called Strike
1-1: Ball
2-1: Ball
3-1: Called Strike
3-2: Foul Ball, location: 2F
3-2: Base on Balls
Eric Hawkins to second
Batting: RHB Miguel Murillo 0-0: Called Strike
0-1: SINGLE (Line Drive, 6MD)
Eric Hawkins to third
Andrew Holt to second
Batting: RHB Stephen Segura 0-0: Called Strike
0-1: Ball
1-1: Grounds into fielders choice 5-2 (Groundball, 5)
Andrew Holt to third
Miguel Murillo to second
Batting: RHB Eric Hillman 0-0: Ball
1-0: Swinging Strike
1-1: Called Strike
1-2: Ball
2-2: Ball
3-2: Foul Ball, location: 2F
3-2: Fly out, F7 (Flyball, 7LS)
Batting: LHB Mario Pérez 0-0: Called Strike
0-1: Foul Ball, location: 2F
0-2: Foul Ball, location: 2F
0-2: Ball
1-2: Strikes out looking
Top of the 11th over - 0 run(s), 2 hit(s), 0 error(s), 3 left on base; Miami 2 - Vanderbilt 2
BOTTOM OF THE 11TH
Vanderbilt Commodores batting - Pitching for Miami Hurricanes : RHP Bartolo Delvalle
Batting: RHB Ron Scott 0-0: Ground out 6-3 (Groundball, 6)
Batting: RHB Jon Downs 0-0: Fly out, F8 (Flyball, 8LM)
Batting: RHB Jim Harris 0-0: Called Strike
0-1: Called Strike
0-2: Ball
1-2: Strikes out looking
Bottom of the 11th over - 0 run(s), 0 hit(s), 0 error(s), 0 left on base; Miami 2 - Vanderbilt 2
TOP OF THE 12TH
Miami Hurricanes batting - Pitching for Vanderbilt Commodores : RHP Luis Manuel Marshall
Batting: LHB Joe Joyce 0-0: Called Strike
0-1: Called Strike
0-2: Ball
1-2: Foul Ball, location: 2F
1-2: Strikes out swinging
Batting: RHB Freddy Dobson 0-0: Ball
1-0: Ball
2-0: Swinging Strike
2-1: Fly out, F8 (Flyball, 8LM)
Batting: LHB Reginald Rush 0-0: Ball
1-0: Ball
2-0: Called Strike
2-1: Foul Ball, location: 2F
2-2: SINGLE (Line Drive, 89S)
Batting: RHB Eric Hawkins 0-0: Called Strike
0-1: Ball
1-1: Swinging Strike
1-2: Strikes out swinging
Top of the 12th over - 0 run(s), 1 hit(s), 0 error(s), 1 left on base; Miami 2 - Vanderbilt 2
BOTTOM OF THE 12TH
Vanderbilt Commodores batting - Pitching for Miami Hurricanes : RHP Bartolo Delvalle
Batting: RHB Johnny Becker 0-0: Fly out, F7 (Flyball, 7)
Batting: RHB Todd Weeks 0-0: Foul Ball, location: 2F
0-1: Foul Ball, location: 2F
0-2: Ball
1-2: Strikes out swinging
Pitching: RHP Mike Davis
Batting: LHB Doyle Price 0-0: Called Strike
0-1: SOLO HOME RUN (Flyball, 89XD), Distance : 372 ft
Tuesday, August 8th, 2017 - OOTP Baseball 17.12 Build 75